 Dungeon Crawl Stone Soup version 0.27-a0-522-g46bbb28828 (webtiles) character file.

Game seed: 9577214772821504095

138 kae the Chopper (level 5, -2/47 HPs)
             Began as a Hill Orc Fighter on Mar 5, 2021.
             Was an Initiate of Okawaru.
             Slain by Edmund
             ... wielding a +6 dire flail of protection
              (9 damage)
             ... on level 4 of the Dungeon.
             The game lasted 00:01:42 (2275 turns).

kae the Chopper (Hill Orc Fighter)                  Turns: 2275, Time: 00:01:43

Health: -2/47      AC: 13    Str: 20    XL:     5   Next: 21%
Magic:  6/6        EV:  1    Int:  8    God:    Okawaru [......]
Gold:   80         SH: 15    Dex: 10    Spells: 4/4 levels left

rFire    . . .     SeeInvis .   a - +1 war axe
rCold    . . .     Faith    .   h - +2 tower shield {reflect}
rNeg     . . .     Spirit   .   o - +0 plate armour
rPois    .         Reflect  +   n - +0 helmet
rElec    .         Harm     .   (no cloak)
rCorr    .         Rampage  .   (no gloves)
Will     .....                  (no boots)
Stlth    ..........             (no amulet)
HPRegen  0.15/turn              (no ring)
MPRegen  0.10/turn              (no ring)

@: mighty
A: no striking features
a: Renounce Religion


You were on level 4 of the Dungeon.
You worshipped Okawaru.
Okawaru was noncommittal.
You visited 1 branch of the dungeon, and saw 5 of its levels.

You collected 80 gold pieces.

Inventory:

Hand Weapons
 a - a +1 war axe (weapon)
Armour
 b - a +0 scale mail
 c - a +0 kite shield
 h - a +2 tower shield of reflection (worn)
 n - a +0 helmet (worn)
 o - a +0 plate armour (worn)
Jewellery
 j - a +6 ring of strength
 k - a ring of magical power
Scrolls
 m - a scroll of random uselessness {unknown}
Potions
 e - a potion of flight {unknown}
 f - a potion of invisibility {unknown}
 g - 2 potions of brilliance {unknown}
 i - 2 potions of heal wounds {unknown}
 l - a potion of attraction {unknown}
 p - a potion of degeneration {unknown}
 q - 2 potions of curing
 r - a potion of resistance {unknown}


   Skills:
 + Level 4.5 Fighting
 * Level 5.0 Axes
 + Level 4.1 Armour
 + Level 3.3 Shields
 + Level 1.6 Invocations


You had 4 spell levels left.
You didn't know any spells.
Your spell library was empty.

Dungeon Overview and Level Annotations

Branches:
Dungeon (5/15)
 Temple: D:4-7

Altars:
Cheibriados
Okawaru

Annotations:
D:4 Edmund


Message History

Edmund hits you but does no damage. You block the orc wizard's attack.
The orc wizard hits you but does no damage.
You block Edmund's attack. The orc hits you but does no damage.
You closely miss Edmund.
Edmund is heavily wounded.
You slash the orc!
You kill the orc!
Okawaru accepts your kill.
You closely miss the orc. You slash the orc wizard!
The orc wizard points at you and mumbles some strange words.
The puff of flame hits you! You block the orc's attack.
Edmund drinks a potion.
Edmund is healed!
The orc hits you but does no damage.
Your Axes skill increases to level 5!
You closely miss Edmund.
Edmund is moderately wounded.
You slash the orc!
You kill the orc!
Okawaru accepts your kill.
You slash the orc wizard! You block the orc wizard's attack.
Edmund hits you with a +6 dire flail of protection.
You block the orc wizard's attack.
Edmund hits you with a +6 dire flail of protection!
* * * LOW HITPOINT WARNING * * *
You hit Edmund but do no damage.
Edmund is moderately wounded.
You closely miss the orc wizard.
The orc wizard hits you but does no damage.
Edmund hits you with a +6 dire flail of protection.
* * * LOW HITPOINT WARNING * * *
The orc wizard hits you but does no damage.
You slash Edmund!
Edmund is severely wounded.
You barely miss the orc wizard.
Edmund hits you with a +6 dire flail of protection.
* * * LOW HITPOINT WARNING * * *
The orc wizard gestures at itself while chanting.
The orc wizard flickers and vanishes!
Deactivating autopickup; reactivate with Ctrl-A.
Edmund hits you with a +6 dire flail of protection!
You die...

## #####.#
...#.. .....#
#....##
#.####.....##
#...)@{....#
#...@)....#
#..........#
#...........
#...........
#...........
.#..........
#.###........
# ##.......


You could see Edmund.

Vanquished Creatures
  An orc wizard (D:3)
  3 adders
  An ufetubus (D:5)
  2 oozes
  A worm (D:3)
  3 dart slugs
  6 orcs
  A ball python (D:2)
  6 bats
  4 giant cockroaches
  5 goblins
  4 hobgoblins
  8 jackals (D:3)
  6 frilled lizards
  5 kobolds
  2 rats
58 creatures vanquished.

Vanquished Creatures (others)
  A kobold (D:3)
1 creature vanquished.

Grand Total: 59 creatures vanquished

Notes
Turn   | Place    | Note
-------+----------+-------------------------------------------
     0 | D:1      | kae the Hill Orc Fighter began the quest for the Orb.
     0 | D:1      | Reached XP level 1. HP: 19/19 MP: 1/1
     1 | D:1      | Noticed an electric eel
   157 | D:1      | Reached skill level 3 in Axes
   180 | D:1      | Reached XP level 2. HP: 27/27 MP: 2/2
   754 | D:1      | Reached XP level 3. HP: 32/33 MP: 3/3
  1048 | D:2      | Found an iron altar of Okawaru.
  1056 | D:2      | Reached skill level 4 in Axes
  1199 | D:2      | Became a worshipper of Warmaster Okawaru
  1317 | D:2      | Found a snail-covered altar of Cheibriados.
  1993 | D:3      | Reached XP level 4. HP: 36/40 MP: 4/4
  2013 | D:3      | Reached skill level 1 in Invocations
  2207 | D:3      | Reached XP level 5. HP: 46/47 MP: 6/6
  2242 | D:3      | You fall into a shaft and drop 2 floors!
  2242 | D:5      | Entered Level 5 of the Dungeon
  2250 | D:5      | Noticed Edmund
  2273 | D:4      | Reached skill level 5 in Axes
  2275 | D:4      | Slain by Edmund

Illustrated notes

Levels and vault maps discovered:
D:1:      arrival_aquarium_a, layout_basic
D:2:      layout_loops_corners, kennysheep_slug_shrine, okawaru_trees_1
D:3:      layout_basic, gammafunk_ghost_split
D:4:      layout_layer_cave, minmay_temple_entry_trees
D:5:      layout_rooms, kennysheep_doodads, kennysheep_flooded_box, uniq_edmund

Skill      XL: |  1  2  3  4  5 |
---------------+----------------+-----
Axes           | 3 4 5 |  5.0
Fighting       | 4 |  4.5
Invocations    | 1 |  1.6
Armour         | 4 |  4.1
Shields        | |  3.3

Action                   |  1- 3 |  4- 6 || total
-------------------------+-------+-------++-------
Melee: War axe           |    89 |    84 ||   173
  Use: Scroll            |     4 |       ||     4
       Potion            |       |     1 ||     1
Armor: Scale mail        |    30 |       ||    30
       Plate armour      |    40 |    71 ||   111
Dodge: Dodged            |    24 |     8 ||    32
Block: Kite shield       |    50 |    16 ||    66
       Tower shield      |       |    67 ||    67
       Reflection        |       |     3 ||     3

Table legend: (Time is in decaauts)
 A = Elapsed time spent in this place.
 B = Non-inter-level travel time spent in this place.
 C = Inter-level travel time spent in this place.
 D = Time resting spent in this place.
 E = Time spent auto-exploring this place.
 F = Levels seen in this place.
 G = Mean time per level.
                   A        B        C        D        E       F      G
               +--------+--------+--------+--------+--------+-----+--------+
         Total |   2375 |   2189 |    186 |      0 |   1699 |   5 |  475.0 |
       Dungeon |   2375 |   2189 |    186 |      0 |   1699 |   5 |  475.0 |
               +--------+--------+--------+--------+--------+-----+--------+

Top non-repeatable levels by time:
     D:1: 1046 daAuts
     D:2: 952 daAuts
     D:3: 333 daAuts
     D:5: 30 daAuts
     D:4: 11 daAuts
